 Dungeon Crawl Stone Soup version 0.17.1-3-g152610e (webtiles) character file.

3235 Zhenya25pyc the Basher (level 9, -3/53 HPs)
             Began as a Gargoyle Fighter on Apr 1, 2016.
             Killed by divine providence
             ... invoked by an orc priest
              (12 damage)
             ... on level 8 of the Dungeon.
             The game lasted 00:38:44 (7662 turns).

Zhenya25pyc the Basher (Gargoyle Fighter)           Turns: 7662, Time: 00:38:44

Health: -3/53      AC: 25    Str: 22    XL:     9   Next: 98%
Magic:  0/9        EV:  6    Int: 12    God:
Gold:   256        SH: 10    Dex: 10    Spells: 0 memorised, 8 levels left

rFire  + . .     SeeInvis .     K - +1 morningstar (protect)
rCold  . . .     Clarity  .     H - +0 plate armour
rNeg   + . .     SustAt   .     c - +0 shield
rPois  ∞         Gourm    .     B - +0 helmet
rElec  +         Spirit   +     (no cloak)
rCorr  .         Warding  .     (no gloves)
rMut   .         Stasis   .     (no boots)
MR     .....                    A - amulet of guardian spirit
Stlth  ..........               a - ring of protection from fire
                                z - +3 ring of intelligence

@: not resistant to hostile enchantments, extremely unstealthy
A: frail 1, negative energy resistance 1, electricity resistance, unbreathing,
petrification resistance, rot immunity, AC +5
a: no special abilities


You were on level 8 of the Dungeon.
You were not hungry.

You visited 1 branch of the dungeon, and saw 8 of its levels.

You collected 409 gold pieces.
You spent 153 gold pieces at shops.

Inventory:

Hand Weapons
 f - a cursed +0 flail of protection
 K - a +1 morningstar of protection (weapon)
Missiles
 F - 4 needles of slowing (quivered)
 I - 10 sling bullets of flame
Armour
 c - a +0 shield (worn)
 m - a +0 cloak
 B - a +0 helmet (worn)
 H - a +0 plate armour (worn)
 N - a +1 pair of boots
Jewellery
 a - a ring of protection from fire (right hand)
 o - an uncursed amulet of warding
 z - a +3 ring of intelligence (left hand)
 A - an amulet of guardian spirit (around neck)
 C - an uncursed amulet of clarity
Scrolls
 e - a scroll of amnesia {unknown}
 i - 3 scrolls of immolation
 k - 2 scrolls of recharging
 q - 5 scrolls of enchant armour
 r - 2 scrolls of enchant weapon {unknown}
 u - a scroll of noise {unknown}
 x - a scroll of blinking {unknown}
 y - a scroll of teleportation {unknown}
 E - 2 scrolls of magic mapping
 G - a scroll of vulnerability {unknown}
 P - a scroll of identify
Potions
 d - 5 potions of poison {unknown}
 g - a potion of cancellation {unknown}
 j - 3 potions of flight
 n - 2 potions of curing
 s - 2 potions of lignification {unknown}
 t - a potion of heal wounds {unknown}
 v - 2 potions of degeneration {unknown}
 w - 4 potions of might
 J - a potion of invisibility {unknown}
 M - a potion of brilliance {unknown}
 O - a potion of magic {unknown}
 Q - a potion of agility {unknown}
Books
 L - a book of Party Tricks

   Spells                             Type                      Level
   a - Summon Butterflies             Summoning                    1
   b - Apportation                    Translocation                1
   c - Tukima's Dance                 Hexes                        3
   d - Alistair's Intoxication        Transmutation/Poison         4
   e - Invisibility                   Hexes                        6
Comestibles
 h - 4 bread rations
 l - a beef jerky
 p - 3 meat rations
 D - 10 fruits


   Skills:
 + Level 7.9 Fighting
 * Level 8.2 Maces & Flails
 + Level 7.9 Armour
 - Level 2.5 Dodging
 - Level 0.2 Stealth
 - Level 6.4 Shields


You had 8 spell levels left.
You didn't know any spells.

Dungeon Overview and Level Annotations

Branches:
Dungeon (8/15)             Temple (0/1) D:4
   Lair: D:8-11

Altars:
Fedhas
Gozag
Sif Muna
Vehumet
Yredelemnul
The Shining One

Shops:
D:6 (

Annotations:
D:5 exclusion: statue


Innate Abilities, Weirdness & Mutations

You are resistant to torment.
Your stone body is resilient (AC +5).
You are immune to poison.
You resist negative energy.
You are resistant to electric shocks.
You can survive without breathing.
You are immune to petrification.
You are immune to rotting.
You are frail (-10% HP).


Message History

You block the hound's attack.
The orc priest hits you but does no damage.
The hound bites you but does no damage.
You hit the orc priest but do no damage.
You block the orc priest's attack. The hound bites you but does no damage.
You hit the orc priest but do no damage.
The orc priest hits you but does no damage.
The hound bites you but does no damage. You block the hound's attack.
The orc priest mumbles some strange prayers to Beogh against you.
Something smites you!
You puncture the orc priest!
The orc priest is almost dead.
The hound closely misses you.
The orc priest mumbles some strange prayers to Beogh against you.
Pain shoots through your body!
* * * LOW HITPOINT WARNING * * *
The hound bites you but does no damage.
The orc priest mumbles some strange prayers to Beogh against you.
Something smites you!
You die...

.... ..... ..... ......
..#...### ........###
......)..r#####
.r....#..h##..#############
..... ###o@................
.... ##........<........
... #................. ..
....##..##..........# .
#... #########.(..... ##..
###...### #.. #..(.(# #..
#.....##..# #..### #..###


You could see a hound, an orc priest and a quokka.

Vanquished Creatures
  The ghost of Zhenya25pyc the Blocker, a novice GrFi (D:6)
  A hungry ghost (D:7)
  A hippogriff (D:7)
  A water moccasin (D:7)
  2 sky beasts
  3 orc warriors
  2 ogres
  2 centaurs
  4 giant frogs
  Blork the orc (D:5)
  A gnoll sergeant (D:7)
  A wyvern zombie (D:6)
  A scorpion (D:4)
  3 wights (D:6)
  4 orc wizards
  A centaur zombie (D:8)
  2 giant frog skeletons
  3 jellies
  3 iguanas
  2 crimson imps
  4 hounds
  2 worker ants
  3 orc priests
  A killer bee zombie (D:5)
  Robin (D:2)
  4 gnolls (D:7)
  6 adders
  An ooze (D:1)
  An adder skeleton (D:7)
  4 worms
  38 orcs
  5 ball pythons
  14 bats
  11 hobgoblins
  8 kobolds
  4 quokkas
  6 giant cockroaches
  10 giant geckos
  7 giant newts
  22 goblins
  5 jackals (D:7)
  A quokka zombie (D:6)
  6 rats
  A plant (D:6)
204 creatures vanquished.

Notes
Turn   | Place    | Note
--------------------------------------------------------------
     0 | D:1      | Zhenya25pyc the Gargoyle Fighter began the quest for the Orb.
     0 | D:1      | Reached XP level 1. HP: 14/14 MP: 1/1
   232 | D:1      | Reached XP level 2. HP: 16/19 MP: 2/2
   491 | D:1      | Reached XP level 3. HP: 18/23 MP: 3/3
   625 | D:1      | Reached skill level 1 in Dodging
  1217 | D:2      | Noticed Robin
  1237 | D:2      | Reached skill level 4 in Shields
  1241 | D:2      | Reached XP level 4. HP: 15/29 MP: 4/4
  1268 | D:2      | Killed Robin
  2340 | D:3      | Found a glowing golden altar of the Shining One.
  2471 | D:3      | Found a deep blue altar of Sif Muna.
  2471 | D:3      | Found a basalt altar of Yredelemnul.
  2670 | D:3      | Reached XP level 5. HP: 33/33 MP: 5/5
  2830 | D:3      | Found an opulent altar of Gozag.
  3091 | D:4      | Reached XP level 6. HP: 27/39 MP: 6/6
  3165 | D:4      | Found a staircase to the Ecumenical Temple.
  3455 | D:4      | Noticed an ogre
  3461 | D:4      | Killed an ogre
  3461 | D:4      | Reached skill level 5 in Shields
  3717 | D:4      | Reached XP level 7. HP: 44/44 MP: 7/7
  3775 | D:4      | Reached skill level 5 in Fighting
  3957 | D:5      | Entered Level 5 of the Dungeon
  3967 | D:5      | Reached skill level 5 in Armour
  4369 | D:5      | Noticed Blork the orc
  4420 | D:5      | Killed Blork the orc
  4655 | D:5      | Found a radiant altar of Vehumet.
  4769 | D:5      | Reached XP level 8. HP: 49/51 MP: 8/8
  4997 | D:6      | Found Goulev's Weapon Emporium.
  5095 | D:6      | Reached skill level 6 in Shields
  5257 | D:6      | Bought a +1 morningstar of protection for 153 gold pieces
  5480 | D:6      | Found a radiant altar of Vehumet.
  6009 | D:6      | Noticed Zhenya25pyc's ghost (novice GrFi)
  6045 | D:6      | Killed Zhenya25pyc's ghost
  6045 | D:6      | Reached XP level 9. HP: 52/56 MP: 9/9
  6472 | D:7      | Reached skill level 7 in Armour
  6899 | D:7      | Gained mutation: You are frail (-10% HP). [mutagenic meat]
  7270 | D:8      | Reached skill level 8 in Maces & Flails
  7293 | D:8      | Found a blossoming altar of Fedhas.
  7662 | D:8      | Killed from afar by an orc priest

Action                   |  1- 3 |  4- 6 |  7- 9 || total
-------------------------+-------+-------+-------++-------
Melee: Flail             |   177 |   236 |   211 ||   624
       Morningstar       |       |       |   385 ||   385
  Use: Scroll            |       |     6 |     5 ||    11
       Potion            |       |     2 |     2 ||     4
  Eat: Chunk             |     1 |     3 |    10 ||    14
       Bread ration      |       |     1 |       ||     1
       Fruit             |       |     1 |     1 ||     2
       Pizza             |       |     1 |     2 ||     3
       Beef jerky        |       |       |     2 ||     2
